[Event "EU-ch 12th"]
[Site "Aix les Bains"]
[Date "2011.04.02"]
[Round "11"]
[White "Prie, Eric"]
[Black "Beinoras, Mindaugas"]
[Result "1-0"]
[ECO "A47"]
[WhiteElo "2508"]
[BlackElo "2356"]
[Annotator "Marchand,A/Primel,D"]
[PlyCount "73"]
[EventDate "2011.03.22"]
[EventType "swiss"]
[EventRounds "11"]
[EventCountry "FRA"]
[SourceTitle "CBM 142 Extra"]
[Source "ChessBase"]
[SourceDate "2011.06.27"]
[SourceVersion "1"]
[SourceVersionDate "2011.06.27"]
[SourceQuality "1"]
[TimeControl "40/5400+30:1800+30"]

1. d4 Nf6 2. Bf4 {Retarder la sortie du Nf3 donne des options supplémentaires
aux Blancs et E.PRIE est le grand spécialiste du système de Londres} e6 {
Après avoir joué contre le système de Londres du GMI il y a quelques années au
tournoi de Pornic, je lui avais demandé après la partie quel était le meilleur
système pour les Noirs dans les structures de Nimzo. Il m'avait répondu ...
qu'il n'y en a pas! C'est une boutade mais avec un fond de vérité} (2... c5 3.
e3 (3. c3) 3... Qb6 4. Nc3 (4. Na3 $5 ) 4... e6) (
2... d5 {Il est probablement plus simple d'égaliser en activant le mauvais
Bc8 car après la réponse 2. e6, son développement pose problème} 3. Nf3 c5
(3... Bf5 4. c4) 4. e3 Nc6 5. c3 Bg4 6. Nbd2 e6 $11) 3. e3 b6 (3... c5 4. c3
Nc6 (4... Qb6 5. Qb3 (5. Na3 $5 Qxb2 6. Nb5 $13 Nd5 7. Bc4
$1 {[%cal Gc4d5,Gc4a2] Un fort coup multifonction} (7. Rb1 Qxa2 8. Ra1 {
Forçant la nulle}) 7... Nxf4 (7... Nxc3 8. Nc7+ Kd8 9. Qc1 $13 {La position
est trés compliquée а jouer devant l'échiquier} Qb4 $1 10. Nxa8 cxd4 11. Bd3 Nd5+ 12. Qd2 Nc6 13. Nf3) 8. exf4 a6 9. Rb1) 5...
d5 (5... Nd5 6. Bg3 cxd4 7. exd4 Nc6 8. Nf3 (8. Na3 $5 )) 6. Nd2
Nc6 7. Ngf3 c4 8. Qc2 Be7 9. Be2 O-O 10. h3) (4... cxd4 5. exd4 (5. cxd4 {
Eric préfère reprend toujours de ce P contrairement aux autres forts joueurs}
Qb6 {Prie,E (2493)-Vlashki,N (2288) Corsica Masters op 13th 2009 (9) 1-0} (5...
Nc6 $1 6. Nf3 Qb6 7. Qc2 (7. Qc1 Nh5 8. Bg3 Nxg3 9. hxg3 d5 10. Nc3 Bd7 11. Be2
Rc8 $11 {[%csl Rc1][%cal Gc8c1];Kosic,D (2501)-Naiditsch,A (2652) SRB-chT 1st
Zlatibor 2007 (7) 1-0}) 7... Nb4 $5 8. Qb3 Nbd5 9. Qxb6 (9. Bg3 Qxb3 10. axb3
b6 (10... Bb4+ $1 $146 11. Nbd2 d6 12. Bd3 Nh5 $11) 11. Nbd2 Nb4 $36 {Mertens,
H (2333)-Timman,J (2588) BL2-West 0910 2009 (7.4) 0-1}) 9... axb6 10. Bd3 (10.
Bg3 Nb4 $36 ) 10... Nxf4 $11 {Torre,E (2524)-Zhang
Zhong (2632) Manila PGMA Cup 3rd 2008 (6) 1/2})) 5... Be7 (5... Nc6 6. Nf3 Be7
7. Bd3 d5 8. Nbd2) 6. Nf3 O-O 7. Nbd2 b6 8. Bd3 (8. h3 d6 9. Bd3 Ba6 10. Nc4 (
10. Bxa6 Nxa6 11. Qe2 Nc7 12. O-O Qd7 (12... Ncd5 13. Bh2 Rc8 14. c4) 13. Rfe1
Rfe8 14. a4 Bf8 15. a5 b5 $11) 10... Qc7 $11) 8... Ba6 $11 {Carrabeo Garcia,M 
(2163)-Pogorelov,R (2451) Seville op 34th 2009 (8) 0-1}) 5. Nf3 Nh5 (5... Be7)
(5... d5 6. Nbd2) 6. Bg5 (6. Bg3 Nxg3 $1) 6... Qb6 $1 7. Qc1 (7. Qb3 h6 8. Bh4
g5 9. Bg3 Nxg3 10. hxg3 Bg7 (10... g4) (10... Be7) 11. Na3 g4 12. Nd2 d5 {
Karayev,A (2275)-Hansen,E (2409) Wch U18 Kemer 2009 (2) 0-1} (12... cxd4 13.
cxd4 Qxb3 14. Nxb3 d6 15. Be2 h5 (15... f5) 16. Nb5 Ke7 17. O-O-O a6 18. Nc3 b5
19. d5 Ne5 20. Na5 Bd7 $11 )) (7. Na3 {
Moins dangereux maintenant que le Nh5 a chassé le Bf4} d5 $11 (7... h6 8. Nc4
Qc7 9. Bh4 d5 10. Nfe5)) 7... h6 8. Bh4 g5 (8... d5 9. Bd3 Bd7 10. O-O Rc8 11. Nbd2 cxd4 12. exd4 Nb4 $36 ) 9. Bg3 Nxg3
10. hxg3 Bg7 $11 11. Nbd2) 4. Nf3 Bb7 5. Bd3 (5. Nbd2) (5. c4 {Retombe sur une
Ouest-Indienne mais cette variante Bf4 n'a pas trés bonne réputation théorique
pour garder un avantage pour les Blancs}) 5... d6 {un plan assez passif et les
Blancs auront d'ailleurs le temps de pousser e4} (5... Be7) 6. Qe2 Nbd7 (6...
g6 7. e4 Nbd7 8. Nc3 Bg7 9. Ba6 Qc8 10. Bxb7 Qxb7 11. e5 dxe5 12. dxe5 Nd5 13.
Nxd5 Qxd5 14. O-O Nc5 15. Rfe1 O-O 16. b4 Nb7 17. c4 Qd7 18. Qe4 c6 19. Rad1
Qc7 20. Bg5 a5 21. b5 {Prie,E (2520)-Philippe,C (2407)/Gap 2008/CBM 123 Extra/
1/2-1/2 (50)}) (6... c5 7. c3 (7. e4 cxd4 $1) 7... cxd4 8. cxd4 Be7 9. O-O O-O
10. e4 (10. Nc3)) 7. e4 $1 Be7 8. Nbd2 (8. e5 dxe5 9. dxe5 Nd5 10. Bg3 O-O 11.
O-O Nc5 $132 ) 8... Nh5 9. Be3 $14 g6 $6 10. Ba6
Qc8 11. Bxb7 Qxb7 12. O-O O-O 13. c3 e5 14. Rfe1 Bf6 15. Rad1 (15. a4 $5 ) 15... Rae8 16. Qb5 Re7 $6 {[%csl Rb7,Re7,Rh5] Les pièces Noires
commencent а être trés mal corrdonnées} (16... c6) 17. h3 Bg7 (17... Nf4 18. g3
Ne6 19. d5 a6 20. Qb3 Nec5 21. Qc2 a5) 18. Bg5 Bf6 19. Be3 Bg7 20. a4 Nhf6 (
20... a6) 21. Bg5 h6 22. Bh4 a6 23. Qd3 Rfe8 24. d5 $16 g5
(24... Nc5) 25. Bg3 Nh5 26. b4 $1 Nf4 $6 (26... Nxg3
$142 27. fxg3 $16 {Les Noirs ont réussi а gagner le fameux B de cases noires
mais les pièces Noires mal placées les privent de tout contre-jeu C'atait
néanmoins un moindre mal par rapport а la suite de la partie}) 27. Qc2 f5 $2 {
Donnant la case "e4" au Nd2} (27... Nf8 28. c4 N8g6 29. c5 $1
$36 ) 28. c4 $1 (28. exf5 $6 Qxd5) 28... fxe4 29. Nxe4 $36 Rf7 (29... Nh5) 30. h4 $1 {La position Noire craque}
gxh4 31. Nxh4 Qa8 32. c5 $36 dxc5 (32... bxc5 $142 33. bxc5 Nxc5 34. Nxc5 dxc5
35. Qc4 (35. Nf5)) 33. d6 $1 Qc6 34. b5
axb5 35. axb5 Qb7 36. dxc7 Bf8 37. Rxd7 1-0